 Dungeon Crawl Stone Soup version 0.26.0-16-gc1dbca0489 (webtiles) character file.

Game seed: 3539091066267886904

2919 thiole the Fighter (level 9, 0/129 HPs)
             Began as a Minotaur Fighter on Jan 20, 2021.
             Was an Initiate of Gozag.
             Slain by a killer bee (1 damage)
             ... on level 7 of the Dungeon.
             The game lasted 00:07:42 (6356 turns).

thiole the Fighter (Minotaur Fighter)               Turns: 6356, Time: 00:07:43

Health: 0/129      AC:  8    Str: 26 (29) XL:     9   Next: 50%
Magic:  8/8        EV: 10    Int:  4 (5)  God:    Gozag
Gold:   521        SH:  0    Dex:  8 (11) Spells: 8/8 levels left

rFire    . . .     SeeInvis .   u - +2 dire flail (protect)
rCold    . . .     Faith    .   (shield currently unavailable)
rNeg     . . .     Spirit   .   b - +0 scale mail
rPois    .         Reflect  .   (helmet restricted)
rElec    .         Harm     .   (no cloak)
rCorr    .         Rampage  .   (no gloves)
Will     .....                  (no boots)
Stlth    ..........             (no amulet)
HPRegen  0.31/turn              j - +6 ring of strength
MPRegen  0.11/turn              (no ring)

@: berserking, lethally poisoned (0 -> -14), flying, very quick
A: retaliatory headbutt, horns 2
a: Renounce Religion, Potion Petition, Call Merchant, Bribe Branch


You were on level 7 of the Dungeon.
You worshipped Gozag.
Gozag was pleased with you.
You visited 2 branches of the dungeon, and saw 8 of its levels.

You collected 605 gold pieces.
You paid 84 gold pieces to Gozag.

Inventory:

Hand Weapons
 a - a +0 war axe
 u - a +2 dire flail of protection (weapon)
Armour
 b - a +0 scale mail (worn)
 c - a +0 kite shield
Jewellery
 e - an uncursed amulet of faith {unknown}
 f - an uncursed ring of magical power
 j - a +6 ring of strength (left hand)
 q - an uncursed ring of ice
 t - a cursed ring of attention
 w - an uncursed ring of ice
 B - an uncursed amulet of faith {unknown}
Wands
 A - a wand of disintegration (12)
Scrolls
 k - 4 scrolls of fog {unknown}
 l - 4 scrolls of remove curse {unknown}
 m - 2 scrolls of amnesia {unknown}
 n - a scroll of enchant weapon {unknown}
 o - a scroll of teleportation {unknown}
 v - a scroll of fear {unknown}
 x - a scroll of random uselessness {unknown}
 y - 5 scrolls of identify
Potions
 d - 2 potions of might
 g - a potion of flight
 h - 2 potions of degeneration
 i - a potion of berserk rage
 p - a potion of mutation {unknown}
 r - 3 potions of curing {unknown}
 s - 2 potions of resistance {unknown}
 z - a potion of ambrosia {unknown}
 C - a potion of haste {unknown}


   Skills:
 * Level 10.5 Fighting
 + Level 7.5 Axes
 + Level 7.9 Armour
 + Level 8.0 Shields


You had 8 spell levels left.
You didn't know any spells.
Your spell library was empty.

Dungeon Overview and Level Annotations

Branches:
Dungeon (7/15)             Temple (1/1) D:5

Altars:
Ashenzari
Cheibriados
Dithmenos
Elyvilon
Fedhas
Gozag
Hepliaklqana
Makhleb
Qazlal
Ru
Trog
Uskayaw
Wu Jian
The Shining One


Innate Abilities, Weirdness & Mutations

You reflexively headbutt those who attack you in melee.
You have a pair of horns on your head.


Message History

A red film seems to cover your vision as you go berserk!
You feel yourself moving faster!
You feel mighty!
* * * LOW HITPOINT WARNING * * *
You feel sick.
The killer bee is no longer distracted by gold.
The killer bee barely misses you.
The killer bee stings you but does no damage. x2
The killer bee stings you.
* * * LOW HITPOINT WARNING * * *
The killer bee closely misses you.
The killer bee stings you but does no damage.
You barely miss the killer bee. Your headbutt misses the killer bee.
The killer bee is heavily wounded.
* * * LOW HITPOINT WARNING * * *
You feel sick. The killer bee stings you.
* * * LOW HITPOINT WARNING * * *
The killer bee stings you but does no damage.
The killer bee stings you.
You die...
Your body crumbles into a pile of gold.

##.# #..##......##
#..##.......##
#..##...>.... #..#
....... #..# ..... #..#
...# #..# #yy# #..# #@y#
# ##..# #..#
########...# ###..####
...........###.......#
.........#....8.8...8...
......###.............##
...#####............8.#
.### #...............#
## ##..............#


You could see 3 killer bees.

Vanquished Creatures
  Pikel (D:7)
  Edmund (D:4)
  A water moccasin (D:4)
  A black bear (D:7)
  An orc warrior (D:6)
  2 sky beasts
  A phantom (D:5)
  An ogre (D:5)
  4 centaurs
  3 killer bees (D:7)
  A howler monkey (D:4)
  2 bullfrog zombies
  3 hounds (D:6)
  A jelly (D:7)
  2 bullfrog skeletons (D:4)
  A gnoll shaman (D:4)
  5 orc priests
  6 orc wizards
  2 iguanas
  5 worker ants
  2 hound skeletons
  A howler monkey zombie (D:4)
  12 gnolls
  A worker ant zombie (D:7)
  3 adders
  A shadow imp (D:4)
  5 white imps
  An ufetubus (D:6)
  5 oozes
  2 adder skeletons (D:4)
  An adder zombie (D:6)
  3 worms
  3 dart slugs
  7 leopard geckos
  33 orcs
  8 giant cockroaches
  9 goblins
  5 hobgoblins
  3 jackals (D:1)
  7 quokkas
  A ball python (D:3)
  6 bats
  10 frilled lizards
  A jackal skeleton (D:4)
  4 kobolds
  A leopard gecko skeleton (D:6)
  A leopard gecko zombie (D:6)
  A quokka zombie (D:6)
  4 rats
185 creatures vanquished.

Vanquished Creatures (others)
  An orc (D:5)
  3 fungi (D:2)
  8 plants (D:2)
12 creatures vanquished.

Grand Total: 197 creatures vanquished

Notes
Turn   | Place    | Note
-------+----------+-------------------------------------------
     0 | D:1      | thiole the Minotaur Fighter began the quest for the Orb.
     0 | D:1      | Reached XP level 1. HP: 19/19 MP: 0/0
   194 | D:1      | Reached XP level 2. HP: 27/27 MP: 1/1
   386 | D:1      | Reached skill level 4 in Fighting
   648 | D:2      | Noticed a centaur
   656 | D:2      | Killed a centaur
   657 | D:2      | Reached XP level 3. HP: 6/35 MP: 2/2
   657 | D:2      | Reached XP level 4. HP: 8/41 MP: 3/3
   927 | D:2      | Reached skill level 5 in Fighting
  1043 | D:2      | Found a sacrificial altar of Ru.
  1071 | D:2      | Reached XP level 5. HP: 34/48 MP: 4/4
  1947 | D:3      | Reached XP level 6. HP: 54/57 MP: 5/5
  1987 | D:3      | Reached skill level 5 in Shields
  2116 | D:3      | Reached skill level 6 in Fighting
  2166 | D:3      | Reached skill level 5 in Armour
  2853 | D:4      | Reached XP level 7. HP: 58/64 MP: 6/6
  2902 | D:4      | Noticed Edmund
  2903 | D:4      | Found a glowing golden altar of the Shining One.
  2925 | D:4      | Killed Edmund
  2929 | D:4      | Reached skill level 7 in Fighting
  3124 | D:4      | Reached skill level 5 in Axes
  3786 | D:5      | Entered Level 5 of the Dungeon
  4054 | D:5      | Reached XP level 8. HP: 39/74 MP: 7/7
  4070 | D:4      | Reached skill level 8 in Fighting
  4687 | D:5      | Found a shadowy altar of Dithmenos.
  4694 | D:5      | Found a blossoming altar of Fedhas.
  4729 | D:5      | Found a staircase to the Ecumenical Temple.
  4749 | D:5      | Reached skill level 9 in Fighting
  4755 | Temple   | Entered the Ecumenical Temple
  4818 | Temple   | Became a worshipper of Gozag Ym Sagoz the Greedy
  5752 | D:7      | Reached XP level 9. HP: 84/84 MP: 8/8
  5926 | D:7      | Found a hazy altar of Hepliaklqana.
  5941 | D:7      | Noticed Pikel
  5947 | D:7      | Killed Pikel
  5948 | D:7      | Reached skill level 10 in Fighting
  6355 | D:7      | HP: 6/129 [killer bee (2)]
  6356 | D:7      | HP: 1/129 [killer bee (4)]
  6356 | D:7      | Slain by a killer bee

Illustrated notes

Levels and vault maps discovered:
D:1:      nzn_arrival_water_spiral, layout_loops_ring, hangedman_feature_mirror
D:2:      layout_basic, nicolae_ru_the_path_less_chosen, grunt_ministairs_6,
          chequers_serial_rivers_micro_c, minmay_lizard_pond
D:3:      layout_loops_ring
D:4:      layout_cave_pools, nicolae_overflow_crystal_walls, uniq_edmund
D:5:      layout_rooms, kennysheep_mini_moat, fedhas_altar_1,
          minmay_temple_entry_steel_oval
D:6:      layout_rooms, serial_undead, serial_undead_d, serial_undead_c,
          serial_undead_f, serial_undead_a
D:7:      layout_cave_pods, kennysheep_mini, serial_column_ruins,
          column_ruins_square_medium, column_ruins_grid_1,
          column_ruins_open_small, column_ruins_columns_T, column_ruins_grid_1,
          column_ruins_open_medium, uniq_pikel
Temple:   eino_temple_scatter_basement

Skill      XL: |  1  2  3  4  5  6  7  8  9 |
---------------+----------------------------+-----
Fighting       | 4 5 6 7 9 10 | 10.5
Armour         | 4 5 6 7 |  7.9
Axes           | 3 4 5 6 7 |  7.5
Shields        | 4 5 6 7 8 |  8.0

Action                   |  1- 3 |  4- 6 |  7- 9 || total
-------------------------+-------+-------+-------++-------
Melee: War axe           |    39 |   153 |    32 ||   224
       Headbutt          |     4 |    33 |    49 ||    86
       Dire flail        |       |       |   209 ||   209
  Use: Scroll            |       |     2 |     1 ||     3
       Potion            |       |       |     3 ||     3
Armor: Scale mail        |    23 |    48 |   196 ||   267
Dodge: Dodged            |    18 |    54 |   186 ||   258
Block: Kite shield       |    14 |    87 |    16 ||   117
